 Dungeon Sprint DCSS version 0.26-a0-1101-g8f9f7f7418 (webtiles) character file.

Game seed: 13409085882908897504

8600000 Adamkad1 the Axe Maniac (level 27, 0/275 (292) HPs)
             Began as a Palentonga Gladiator on Dec 15, 2020.
             Was the Champion of Makhleb.
             Killed from afar by a wretched soul (70 damage)
             ... with a bolt of negative energy
             ... in the Dungeon (Sprint VIII: "Arena of Blood").
             The game lasted 00:02:43 (86 turns).

Adamkad1 the Axe Maniac (Palentonga Gladiator)        Turns: 86, Time: 00:02:44

HP:   0/275 (292)   AC: 17    Str: 18    XL:     27
MP:   36/54         EV: 33    Int: 10    God:    Makhleb [******]
Gold: 0             SH:  0    Dex: 23    Spells: 80/80 levels left

rFire    . . .     SeeInvis +   k - +∞ Axe of Woe
rCold    . . .     Faith    .   (shield currently unavailable)
rNeg     . . .     Spirit   .   b - +0 leather armour
rPois    .         Reflect  .   c - +0 helmet
rElec    .         Harm     .   (no cloak)
rCorr    .         Rampage  .   (no gloves)
Will     ++...     NoTele   +   (no barding)
Stlth    ++++++++++             (no amulet)
HPRegen  0.55/turn              (no ring)
MPRegen  0.34/turn              (no ring)

@: slowed, drained, curled up, very slow
A: large, rugged brown scales 3, see invisible, deformed body, roll 1, armoured
tail, reflexive curl
a: Rolling Charge, Minor Destruction, Lesser Servant of Makhleb, Major
Destruction, Greater Servant of Makhleb, Renounce Religion


You were in the Dungeon.
You worshipped Makhleb.
Makhleb was exalted by your worship.
You visited 1 branch

Inventory:

Hand Weapons
 a - a +0 war axe
 k - the +∞ Axe of Woe (weapon)
   (You found it in the Dungeon)
Missiles
 d - 3 throwing nets (quivered)
Armour
 b - a +0 leather armour (worn)
 c - a +0 helmet (worn)
Scrolls
 j - a scroll of blinking
Potions
 e - a potion of curing
 f - a potion of heal wounds
 g - a potion of haste
 h - 2 potions of magic
 i - a potion of berserk rage


   Skills:
 O Level 27 Fighting
 O Level 27 Short Blades
 O Level 27 Long Blades
 O Level 27 Axes
 O Level 27 Maces & Flails
 O Level 27 Polearms
 O Level 27 Staves
 O Level 27 Slings
 O Level 27 Bows
 O Level 27 Crossbows
 O Level 27 Throwing
 O Level 27 Armour
 O Level 27 Dodging
 O Level 27 Stealth
 O Level 27 Shields
 O Level 27 Unarmed Combat
 O Level 27 Spellcasting
 O Level 27 Conjurations
 O Level 27 Hexes
 O Level 27 Summonings
 O Level 27 Necromancy
 O Level 27 Translocations
 O Level 27 Transmutations
 O Level 27 Fire Magic
 O Level 27 Ice Magic
 O Level 27 Air Magic
 O Level 27 Earth Magic
 O Level 27 Poison Magic
 O Level 27 Invocations
 O Level 27 Evocations


You had 80 spell levels left.
You didn't know any spells.
Your spell library was empty.

Dungeon Overview and Level Annotations

Branches:
Dungeon (1/1)

Altars:
Makhleb


Innate Abilities, Weirdness & Mutations

You are completely covered in rugged brown scales. (AC +3, +7% HP)
You have supernaturally acute eyesight. (SInv)
Armour fits poorly on your strangely shaped body.
You can roll at nearby foes to attack.
You have a long armoured tail.
You curl defensively after being hit.


Message History

Roll where?
Press: ? - help, Dir - move target, f - observer
Aim: an observer (heavily wounded, fast, slightly transparent)
You roll forward with a clatter of scales!
You slice the observer like a ripe choko!!!
You butcher the observer messily.
You kill the observer!
Makhleb accepts your kill.
You feel better.
The observer appears out of thin air!
An observer comes into view.
The observer turns its gaze towards you.
You hear a shout! x8
The eight-headed meat hydra calls on the powers of darkness!
The eight-headed meat hydra convulses!
The observer convulses!
Your body is wracked with pain!
* * * LOW HITPOINT WARNING * * *
You hear a shout! x3
The wretched soul breathes negative energy at you.
The bolt of negative energy hits you!!!
You feel drained.
You die...

.###.....))###.))).....
....#....)..#..)))))°...
.....#...))..#.....))).).
...........)..).....))o).°
...........)))...#.).#§)○
..........).)..#....#X°.
...........)))##)....#XX. #
....#.D..)...#......#....
W.....2.G.@..W.#...###....#
.....##.#☼°.......... ..#..
.O.....☼○..................
.####.W..#.....####........
............... ...... #
#.................
####.......=.......
################


You could see a meat beast (fast), an eight-headed meat hydra, an observer
(fast, invisible), a wretched soul (invisible) and a dread.

Vanquished Creatures
  5 hell beasts (D)
  6 royal mummies (D)
  A great orb of eyes (D)
  Harold (D)
  10 vampire knights (D)
  25 ogres (D)
  8 two-headed ogres (D)
  3 liches (D)
  A hydra (D)
  64 orcs (D)
  A phantom (D)
  6 skeletal warriors (D)
  7 small abominations (D)
  2 large abominations (D)
140 creatures vanquished.

Vanquished Creatures (others)
  2 crawling corpses (D)
2 creatures vanquished.

Grand Total: 142 creatures vanquished

Notes
Turn   | Place    | Note
-------+----------+-------------------------------------------
     0 | D        | Found the +∞ Axe of Woe
     0 | D        | Adamkad1 the Palentonga Gladiator began the quest for the
                  | Orb.
     0 | D        | Reached XP level 1. HP: 18/18 MP: 1/1
     1 | D        | Noticed a bag of meat
     1 | D        | Noticed a bag of meat
     2 | D        | Noticed a bag of meat
     3 | D        | Became a worshipper of Makhleb the Destroyer
     3 | D        | Noticed a bag of meat
     5 | D        | Noticed a bag of meat
     6 | D        | Noticed a bag of meat
     7 | D        | Noticed a bag of meat
     7 | D        | Noticed a meat berserker
     7 | D        | Noticed a bag of meat
     8 | D        | Killed a bag of meat
     8 | D        | Noticed a bag of meat
     8 | D        | Noticed a meat berserker
     9 | D        | Reached skill level 10 in Throwing
     9 | D        | Reached XP level 2. HP: 47/47 MP: 2/2
     9 | D        | Reached XP level 3. HP: 53/53 MP: 3/3
     9 | D        | Reached XP level 4. HP: 62/62 MP: 4/4
     9 | D        | Reached XP level 5. HP: 68/68 MP: 5/5
     9 | D        | Reached XP level 6. HP: 77/77 MP: 6/6
     9 | D        | Gained mutation: You curl defensively after being hit.
                  | [Palentonga growth]
     9 | D        | Reached XP level 7. HP: 84/84 MP: 7/7
     9 | D        | Reached XP level 8. HP: 92/92 MP: 8/8
     9 | D        | Reached XP level 9. HP: 99/99 MP: 9/9
     9 | D        | Reached XP level 10. HP: 108/108 MP: 10/10
     9 | D        | Reached XP level 11. HP: 114/114 MP: 11/11
     9 | D        | Killed a bag of meat
     9 | D        | Reached * piety under Makhleb
    10 | D        | Reached skill level 15 in Fighting
    10 | D        | Reached XP level 12. HP: 129/129 MP: 12/12
    10 | D        | Killed a bag of meat
    10 | D        | Killed a bag of meat
    10 | D        | Noticed a meat berserker
    10 | D        | Noticed a meat berserker
    10 | D        | Noticed a meat berserker
    10 | D        | Noticed a bag of meat
    11 | D        | Reached skill level 15 in Dodging
    11 | D        | Reached XP level 13. HP: 77/142 MP: 13/13
    11 | D        | Reached XP level 14. HP: 81/149 MP: 14/14
    11 | D        | Killed a bag of meat
    11 | D        | Reached ** piety under Makhleb
    11 | D        | Killed a meat berserker
    12 | D        | Reached XP level 15. HP: 150/165 MP: 15/15
    12 | D        | Killed a meat berserker
    12 | D        | Reached *** piety under Makhleb
    13 | D        | Reached skill level 27 in Axes
    13 | D        | Reached XP level 16. HP: 186/186 MP: 16/16
    13 | D        | Killed a meat berserker
    14 | D        | Reached XP level 17. HP: 117/201 MP: 17/17
    14 | D        | Killed a meat berserker
    14 | D        | Reached **** piety under Makhleb
    15 | D        | Reached skill level 27 in Fighting
    15 | D        | Killed a meat berserker
    16 | D        | Reached XP level 18. HP: 214/214 MP: 18/18
    17 | D        | Reached skill level 27 in Dodging
    18 | D        | Reached skill level 27 in Throwing
    18 | D        | Reached skill level 1 in Short Blades
    18 | D        | Reached skill level 1 in Long Blades
    18 | D        | Reached skill level 1 in Maces & Flails
    18 | D        | Reached skill level 1 in Polearms
    18 | D        | Reached skill level 1 in Staves
    18 | D        | Reached skill level 1 in Slings
    18 | D        | Reached skill level 1 in Bows
    18 | D        | Reached skill level 1 in Crossbows
    18 | D        | Reached skill level 1 in Armour
    18 | D        | Reached skill level 1 in Stealth
    18 | D        | Reached skill level 1 in Shields
    18 | D        | Reached skill level 1 in Spellcasting
    18 | D        | Reached skill level 1 in Conjurations
    18 | D        | Reached skill level 1 in Hexes
    18 | D        | Reached skill level 1 in Summonings
    18 | D        | Reached skill level 1 in Necromancy
    18 | D        | Reached skill level 1 in Transmutations
    18 | D        | Reached skill level 1 in Fire Magic
    18 | D        | Reached skill level 1 in Ice Magic
    18 | D        | Reached skill level 1 in Air Magic
    18 | D        | Reached skill level 1 in Earth Magic
    18 | D        | Reached skill level 1 in Poison Magic
    18 | D        | Reached skill level 1 in Evocations
    18 | D        | Reached XP level 19. HP: 221/221 MP: 18/21
    18 | D        | Reached ***** piety under Makhleb
    19 | D        | Noticed a meat berserker
    21 | D        | Noticed a meat berserker
    23 | D        | Killed a meat berserker
    23 | D        | Noticed a meat berserker
    24 | D        | Reached skill level 5 in Polearms
    24 | D        | Reached skill level 5 in Bows
    24 | D        | Reached skill level 5 in Crossbows
    24 | D        | Reached skill level 5 in Armour
    24 | D        | Reached skill level 5 in Spellcasting
    24 | D        | Reached skill level 5 in Conjurations
    24 | D        | Reached skill level 5 in Summonings
    24 | D        | Reached skill level 5 in Necromancy
    24 | D        | Reached skill level 5 in Fire Magic
    24 | D        | Reached skill level 5 in Ice Magic
    24 | D        | Reached skill level 5 in Air Magic
    24 | D        | Reached skill level 5 in Earth Magic
    24 | D        | Reached skill level 5 in Poison Magic
    24 | D        | Reached skill level 5 in Evocations
    24 | D        | Noticed a destroyer
    25 | D        | Reached XP level 20. HP: 231/231 MP: 19/31
    26 | D        | Reached ****** piety under Makhleb
    26 | D        | Noticed a large bag of meat
    27 | D        | Noticed a large bag of meat
    27 | D        | Killed a destroyer
    27 | D        | Noticed a meat berserker
    28 | D        | Reached skill level 10 in Short Blades
    28 | D        | Reached skill level 10 in Long Blades
    28 | D        | Reached skill level 10 in Maces & Flails
    28 | D        | Reached skill level 10 in Staves
    28 | D        | Reached skill level 10 in Unarmed Combat
    28 | D        | Reached skill level 10 in Hexes
    28 | D        | Reached skill level 10 in Necromancy
    28 | D        | Reached skill level 10 in Translocations
    28 | D        | Reached skill level 10 in Transmutations
    28 | D        | Reached XP level 21. HP: 165/239 MP: 19/34
    28 | D        | Noticed a large bag of meat
    29 | D        | Reached skill level 10 in Polearms
    29 | D        | Reached skill level 10 in Spellcasting
    29 | D        | Reached skill level 10 in Conjurations
    29 | D        | Reached skill level 10 in Earth Magic
    29 | D        | Reached skill level 10 in Evocations
    29 | D        | Noticed a large bag of meat
    30 | D        | Reached skill level 10 in Bows
    30 | D        | Reached skill level 10 in Crossbows
    30 | D        | Reached skill level 10 in Armour
    30 | D        | Reached skill level 10 in Shields
    30 | D        | Reached skill level 10 in Summonings
    30 | D        | Reached skill level 10 in Fire Magic
    30 | D        | Reached skill level 10 in Ice Magic
    30 | D        | Reached skill level 10 in Air Magic
    30 | D        | Reached skill level 10 in Poison Magic
    32 | D        | Reached skill level 10 in Slings
    32 | D        | Reached skill level 10 in Stealth
    32 | D        | Reached XP level 22. HP: 249/249 MP: 20/38
    32 | D        | Noticed a destroyer
    34 | D        | Reached skill level 15 in Invocations
    34 | D        | Reached XP level 23. HP: 256/256 MP: 20/40
    34 | D        | Noticed a large bag of meat
    35 | D        | Killed a large bag of meat
    35 | D        | Killed a large bag of meat
    35 | D        | Noticed a destroyer
    36 | D        | Reached skill level 15 in Short Blades
    36 | D        | Reached skill level 15 in Long Blades
    36 | D        | Reached skill level 15 in Maces & Flails
    36 | D        | Reached skill level 15 in Staves
    36 | D        | Reached skill level 15 in Unarmed Combat
    36 | D        | Reached skill level 15 in Hexes
    36 | D        | Reached skill level 15 in Necromancy
    36 | D        | Reached skill level 15 in Translocations
    36 | D        | Reached skill level 15 in Transmutations
    36 | D        | Killed a destroyer
    36 | D        | Killed a destroyer
    37 | D        | Reached skill level 15 in Polearms
    37 | D        | Reached skill level 15 in Spellcasting
    37 | D        | Reached skill level 15 in Conjurations
    37 | D        | Reached skill level 15 in Earth Magic
    37 | D        | Reached skill level 15 in Evocations
    37 | D        | Reached XP level 24. HP: 266/266 MP: 21/42
    38 | D        | Killed a large bag of meat
    38 | D        | Killed a large bag of meat
    38 | D        | Noticed a destroyer
    39 | D        | Reached skill level 15 in Bows
    39 | D        | Reached skill level 15 in Crossbows
    39 | D        | Reached skill level 15 in Armour
    39 | D        | Reached skill level 15 in Summonings
    39 | D        | Reached skill level 15 in Fire Magic
    39 | D        | Reached skill level 15 in Ice Magic
    39 | D        | Reached skill level 15 in Air Magic
    39 | D        | Reached skill level 15 in Poison Magic
    39 | D        | Reached XP level 25. HP: 189/274 MP: 21/43
    42 | D        | Noticed a destroyer
    43 | D        | Reached skill level 15 in Shields
    44 | D        | Noticed a large bag of meat
    44 | D        | Killed a destroyer
    46 | D        | Noticed a large bag of meat
    46 | D        | Noticed a destroyer
    46 | D        | Noticed a destroyer
    47 | D        | Reached skill level 15 in Slings
    47 | D        | Reached skill level 15 in Stealth
    47 | D        | Noticed a destroyer
    48 | D        | Reached XP level 26. HP: 284/284 MP: 24/44
    49 | D        | Noticed a destroyer
    49 | D        | Noticed an accursed
    49 | D        | Noticed The Servant
    51 | D        | Reached XP level 27. HP: 292/292 MP: 24/46
    51 | D        | Killed a destroyer
    51 | D        | Killed a destroyer
    51 | D        | Noticed an accursed
    52 | D        | Killed a destroyer
    53 | D        | Killed a large bag of meat
    54 | D        | Killed a large bag of meat
    55 | D        | Killed The Servant
    55 | D        | Noticed a tyrant
    56 | D        | Killed a destroyer
    56 | D        | Noticed a tyrant
    57 | D        | Killed an accursed
    57 | D        | Noticed a large bag of meat
    58 | D        | Noticed a tyrant
    58 | D        | Killed an accursed
    58 | D        | Killed a destroyer
    59 | D        | Reached skill level 27 in Invocations
    59 | D        | Killed a tyrant
    60 | D        | Killed a tyrant
    60 | D        | Killed a large bag of meat
    60 | D        | Noticed a meat beast
    62 | D        | Noticed a destroyer
    62 | D        | Killed a large bag of meat
    63 | D        | Reached skill level 27 in Short Blades
    63 | D        | Reached skill level 27 in Long Blades
    63 | D        | Reached skill level 27 in Maces & Flails
    63 | D        | Reached skill level 27 in Staves
    63 | D        | Reached skill level 27 in Unarmed Combat
    63 | D        | Reached skill level 27 in Necromancy
    63 | D        | Reached skill level 27 in Transmutations
    63 | D        | Noticed an accursed
    63 | D        | Noticed a meat beast
    63 | D        | Noticed an accursed
    64 | D        | Reached skill level 27 in Hexes
    64 | D        | Reached skill level 27 in Translocations
    64 | D        | Killed a meat beast
    65 | D        | Reached skill level 27 in Polearms
    65 | D        | Reached skill level 27 in Spellcasting
    65 | D        | Reached skill level 27 in Conjurations
    65 | D        | Reached skill level 27 in Earth Magic
    65 | D        | Reached skill level 27 in Evocations
    65 | D        | Noticed a meat beast
    66 | D        | Killed a tyrant
    67 | D        | Killed an accursed
    67 | D        | Killed a meat beast
    68 | D        | Reached skill level 27 in Slings
    68 | D        | Reached skill level 27 in Bows
    68 | D        | Reached skill level 27 in Crossbows
    68 | D        | Reached skill level 27 in Armour
    68 | D        | Reached skill level 27 in Stealth
    68 | D        | Reached skill level 27 in Shields
    68 | D        | Reached skill level 27 in Summonings
    68 | D        | Reached skill level 27 in Fire Magic
    68 | D        | Reached skill level 27 in Ice Magic
    68 | D        | Reached skill level 27 in Air Magic
    68 | D        | Reached skill level 27 in Poison Magic
    68 | D        | Killed a meat beast
    69 | D        | Killed a destroyer
    74 | D        | Killed an accursed
    77 | D        | Noticed a meat beast
    79 | D        | Noticed a meat beast
    79 | D        | Killed a meat beast
    81 | D        | Killed a meat beast
    82 | D        | Noticed an accursed
    83 | D        | Noticed an accursed
    84 | D        | Killed an accursed
    84 | D        | Noticed a dread
    85 | D        | Noticed a meat beast
    85 | D        | Killed an accursed
    86 | D        | Killed from afar by a wretched soul

Illustrated notes

Levels and vault maps discovered:
D:        meatsprint

Skill      XL: |  1  2  3  4  5  6  7  8  9 10 11 12 13 14 15 16 17 18 19 20 21 22 23 24 25 26 27 |
---------------+----------------------------------------------------------------------------------+-----
Fighting       | 13 15 17 20 24 25 27 | 27.0
Axes           | 17 20 23 26 27 | 27.0
Throwing       | 10 12 14 16 19 21 25 27 | 27.0
Dodging        | 11 13 15 17 21 22 26 27 | 27.0
Short Blades   | 1 8 10 13 14 16 17 19 20 27 | 27.0
Long Blades    | 1 8 10 13 14 16 17 19 20 27 | 27.0
Maces & Flails | 1 8 10 13 14 16 17 19 20 27 | 27.0
Polearms       | 1 7 9 12 13 15 16 17 19 27 | 27.0
Staves         | 1 8 10 13 14 16 17 19 20 27 | 27.0
Slings         | 1 6 7 10 11 13 14 15 16 27 | 27.0
Bows           | 1 6 8 11 12 14 15 16 17 27 | 27.0
Crossbows      | 1 6 8 11 12 14 15 16 18 27 | 27.0
Armour         | 1 6 8 11 12 14 15 16 17 27 | 27.0
Stealth        | 1 6 7 10 11 13 14 15 16 27 | 27.0
Shields        | 1 6 8 11 12 14 16 17 27 | 27.0
Unarmed Combat | 2 8 10 13 14 16 17 19 20 27 | 27.0
Spellcasting   | 1 7 9 12 13 15 16 17 19 27 | 27.0
Conjurations   | 1 7 9 12 13 15 16 17 19 27 | 27.0
Hexes          | 1 8 10 13 14 16 17 19 20 27 | 27.0
Summonings     | 1 6 8 11 12 14 15 16 18 27 | 27.0
Necromancy     | 1 7 10 13 14 16 17 19 20 27 | 27.0
Translocations | 2 7 10 13 14 16 17 19 20 27 | 27.0
Transmutations | 1 8 10 13 14 16 17 19 20 27 | 27.0
Fire Magic     | 1 6 8 11 12 14 15 16 18 27 | 27.0
Ice Magic      | 1 6 8 11 12 14 15 16 17 27 | 27.0
Air Magic      | 1 6 8 11 12 14 15 16 17 27 | 27.0
Earth Magic    | 1 7 9 12 13 15 16 17 19 27 | 27.0
Poison Magic   | 1 6 8 11 12 14 15 16 17 27 | 27.0
Invocations    | 2 8 11 14 15 17 18 20 22 27 | 27.0
Evocations     | 1 7 9 12 13 15 16 17 19 27 | 27.0

Action                   |  1- 3 |  4- 6 |  7- 9 | 10-12 | 13-15 | 16-18 | 19-21 | 22-24 | 25-27 || total
-------------------------+-------+-------+-------+-------+-------+-------+-------+-------+-------++-------
Melee: Executioner's axe |     1 |       |       |     2 |     2 |     5 |    10 |     7 |    43 ||    70
 Abil: Rolling Charge    |       |       |       |       |       |     3 |     2 |     2 |    18 ||    25
Dodge: Dodged            |       |       |       |       |       |       |       |       |     3 ||     3

Table legend: (Time is in decaauts)
 A = Elapsed time spent in this place.
 B = Non-inter-level travel time spent in this place.
 C = Inter-level travel time spent in this place.
 D = Time resting spent in this place.
 E = Time spent auto-exploring this place.
 F = Levels seen in this place.
 G = Mean time per level.
                   A        B        C        D        E       F      G
               +--------+--------+--------+--------+--------+-----+--------+
         Total |     78 |     78 |      0 |      0 |      0 |   1 |   78.0 |
       Dungeon |     78 |     78 |      0 |      0 |      0 |   1 |   78.0 |
               +--------+--------+--------+--------+--------+-----+--------+

Top non-repeatable levels by time:
       D: 78 daAuts
